 Dungeon Crawl Stone Soup version 0.28-a0-906-g0406aca7d3 (webtiles) character file.

Game seed: 1457209870805479265

765 Jeff420 the Chopper (level 7, -2/62 HPs)
             Began as a Minotaur Berserker on Nov 23, 2021.
             Was a Priest of Trog.
             Succumbed to a scorpion's poison
             ... on level 5 of the Dungeon.
             The game lasted 00:16:28 (3951 turns).

Jeff420 the Chopper (Minotaur Berserker)            Turns: 3951, Time: 00:16:29

Health: -2/62      AC:  8    Str: 23    XL:     7   Next: 51%
Magic:  6/6        EV: 11    Int:  4    God:    Trog [***...]
Gold:   165        SH:  0    Dex: 10    Spells: 6/6 levels left

rFire   . . .      SeeInvis .   o - +2 long sword (elec)
rCold   . . .      Faith    .   (no shield)
rNeg    . . .      Spirit   .   i - +0 scale mail
rPois   .          Reflect  .   (helmet restricted)
rElec   .          Harm     .   (no cloak)
rCorr   .          Rampage  .   f - +0 pair of gloves
Will    ++...                   (no boots)
Stlth   ..........              (no amulet)
HPRegen 1.20/turn               (no ring)
MPRegen 0.10/turn               (no ring)

@: lethally poisoned (-2 -> -7), marked, strong-willed, on berserk cooldown,
regenerating, slowed, very slow
A: horns 2, retaliatory headbutt
a: Renounce Religion, Berserk, Trog's Hand


You were on level 5 of the Dungeon.
You worshipped Trog.
Trog was most pleased with you.
You visited 1 branch of the dungeon, and saw 5 of its levels.

You collected 165 gold pieces.

Inventory:

Hand Weapons
 a - a +0 hand axe
 e - a +0 hand axe
 o - a +2 long sword of electrocution (weapon)
Armour
 b - a +0 animal skin
 f - a +0 pair of gloves (worn)
 i - a +0 scale mail (worn)
 k - a +0 ring mail
Jewellery
 q - a ring of protection from cold
Scrolls
 d - 2 scrolls of fear {unknown}
 h - 2 scrolls of identify {unknown}
 j - a scroll of brand weapon {unknown}
 l - a scroll of teleportation {unknown}
 m - a scroll of enchant weapon {unknown}
 p - a scroll of vulnerability {unknown}
 r - a scroll of magic mapping {unknown}
 t - 2 scrolls of enchant armour {unknown}
Potions
 c - a potion of lignification {unknown}
 g - a potion of haste {unknown}
 n - 3 potions of heal wounds {unknown}
 s - a potion of curing {unknown}


   Skills:
 + Level 5.6 Fighting
 + Level 4.7 Long Blades
 + Level 6.0 Axes
 + Level 5.1 Armour
 + Level 3.4 Dodging
 + Level 1.0 Stealth


You had 6 spell levels left.
You didn't know any spells.
Your spell library was empty.

Dungeon Overview and Level Annotations

Branches:
Dungeon (5/15)
 Temple: D:4-7

Altars:


Innate Abilities, Weirdness & Mutations

You have a pair of horns on your head.
You reflexively headbutt those who attack you in melee.


Message History

Your Armour skill increases to level 5!
Your skin crawls.
You feel strong-willed.
You feel very sick. The adder bites you.
* * * LOW HITPOINT WARNING * * *
An adder zombie comes into view.
The hound bites you but does no damage. The adder barely misses you.
You furiously retaliate!
You headbutt the adder. The hound bites you but does no damage.
You barely miss the adder. Your headbutt misses the adder.
The adder is lightly wounded.
You feel sick. The adder misses you. The hound bites you but does no damage.
The adder bites you but does no damage. The hound bites you but does no damage.
The adder barely misses you. The hound bites you but does no damage.
You hit the adder. Your headbutt misses the adder.
The adder is moderately wounded.
You feel sick. The hound bites you but does no damage.
The adder closely misses you. You furiously retaliate!
You headbutt the adder!
You kill the adder!
Trog accepts your kill. The shadow imp barely misses you.
The scorpion stings you.
* * * LOW HITPOINT WARNING * * *
The hound bites you but does no damage.
You closely miss the scorpion.
You feel sick.
You are no longer poisoned.
The hound bites you.
* * * LOW HITPOINT WARNING * * *
The scorpion stings you!
* * * LOW HITPOINT WARNING * * *
The shadow imp closely misses you. The hound bites you but does no damage.
The scorpion closely misses you. You furiously retaliate!
You headbutt the scorpion. The shadow imp misses you.
The hound completely misses you. The scorpion stings you.
* * * LOW HITPOINT WARNING * * *
You are lethally poisoned!
The scorpion poisons you!
You closely miss the scorpion.
The scorpion is lightly wounded.
You die...

##.#....##..##..............#####
.#.#....###.##..................#
.......## #.#.....###############
...#..## #...##.†# # ...#..#
##...##†.# .+ ......# .....>.†.#
.[# ..#.... .........##.:.#.
......≈ ≈≈≈.≈≈≈≈.hlZ8.'# ..
≈≈.≈≈≈≈@s# . ≈≈.≈≈≈≈5.#
≈≈.≈≈≈≈..# ...≈≈≈≈.## ≈.......#
≈.≈≈≈≈≈.. ≈.≈≈≈≈≈.. ≈.≈≈≈≈≈.#


You could see a scorpion, an iguana, a hound, a shadow imp and a bullfrog
zombie.

Vanquished Creatures
  An ogre (D:5)
  A phantom (D:3)
  A scorpion (D:4)
  A wyvern skeleton (D:5)
  3 hounds
  A jelly (D:4)
  2 orc priests
  3 iguanas (D:5)
  An orc wizard (D:4)
  A gnoll (D:5)
  10 adders
  A shadow imp (D:5)
  A white imp (D:5)
  2 worms
  2 dart slugs
  10 orcs
  3 bats
  7 endoplasms
  3 giant cockroaches
  5 goblins
  8 hobgoblins
  8 jackals
  A quokka (D:1)
  5 ball pythons
  2 frilled lizards
  5 kobolds
  5 rats
  A spectral goblin (D:1)
94 creatures vanquished.

Notes
Turn   | Place    | Note
-------+----------+-------------------------------------------
     0 | D:1      | Jeff420 the Minotaur Berserker began the quest for the Orb.
     0 | D:1      | Reached XP level 1. HP: 19/19 MP: 0/0
   206 | D:1      | Found a faded altar of an unknown god.
   219 | D:1      | Reached XP level 2. HP: 24/27 MP: 1/1
   307 | D:1      | Reached skill level 4 in Axes
  1027 | D:2      | Reached ** piety under Trog
  1047 | D:2      | Reached XP level 3. HP: 25/33 MP: 2/2
  1854 | D:2      | Reached XP level 4. HP: 35/41 MP: 3/3
  2468 | D:3      | Noticed a phantom
  2478 | D:3      | Killed a phantom
  2479 | D:3      | Reached skill level 1 in Long Blades
  2479 | D:3      | Reached skill level 5 in Axes
  2479 | D:3      | Reached XP level 5. HP: 40/47 MP: 4/4
  2814 | D:4      | Reached skill level 5 in Fighting
  2953 | D:4      | Reached XP level 6. HP: 38/56 MP: 5/5
  3306 | D:4      | Reached *** piety under Trog
  3378 | D:4      | Reached skill level 6 in Axes
  3695 | D:5      | Entered Level 5 of the Dungeon
  3786 | D:5      | Reached skill level 1 in Stealth
  3786 | D:5      | Reached XP level 7. HP: 40/60 MP: 6/6
  3947 | D:5      | Reached skill level 5 in Armour
  3950 | D:5      | HP: 3/62 [scorpion (7)]
  3950 | D:5      | HP: 1/62 [scorpion (2)]
  3951 | D:5      | Succumbed to a scorpion's poison

Illustrated notes

Levels and vault maps discovered:
D:1:      eino_arrival_druids_welcome, layout_loops_corners,
          dreamdust_ecumenical_altar_drowned_temple
D:2:      minmay_evil_eye, layout_basic, st_stairs_4, grunt_ministairs_15
D:3:      layout_rooms, minmay_strange_pillars
D:4:      layout_loops_ring
D:5:      minmay_chambers_of_threes, layout_rooms,
          chequers_temple_overflow_minitemple, hex_intersection, minivault_24,
          minivault_14

Skill      XL: |  1  2  3  4  5  6  7 |
---------------+----------------------+-----
Axes           | 4 5 6 |  6.0
Fighting       | 4 5 |  5.6
Armour         | 3 4 5 |  5.1
Long Blades    | 1 2 3 4 |  4.7
Dodging        | 3 |  3.4
Stealth        | 1 |  1.0

Action                   |  1- 3 |  4- 6 |  7- 9 || total
-------------------------+-------+-------+-------++-------
Melee: Hand axe          |    75 |    22 |       ||    97
       Headbutt          |    10 |    12 |     6 ||    28
       Long sword        |       |    67 |    25 ||    92
Invok: Berserk           |       |     2 |     1 ||     3
       Trog's Hand       |       |       |     1 ||     1
Armor: Animal skin       |    14 |       |       ||    14
       Scale mail        |     9 |    45 |    24 ||    78
Dodge: Dodged            |    68 |    50 |    23 ||   141

Table legend: (Time is in decaauts)
 A = Elapsed time spent in this place.
 B = Non-inter-level travel time spent in this place.
 C = Inter-level travel time spent in this place.
 D = Time resting spent in this place.
 E = Time spent auto-exploring this place.
 F = Levels seen in this place.
 G = Mean time per level.
                   A        B        C        D        E       F      G
               +--------+--------+--------+--------+--------+-----+--------+
         Total |   4008 |   3979 |     29 |      0 |   3050 |   5 |  801.6 |
       Dungeon |   4008 |   3979 |     29 |      0 |   3050 |   5 |  801.6 |
               +--------+--------+--------+--------+--------+-----+--------+

Top non-repeatable levels by time:
     D:2: 1286 daAuts
     D:1: 925 daAuts
     D:4: 902 daAuts
     D:3: 630 daAuts
     D:5: 263 daAuts
